 Dungeon Crawl Stone Soup version 0.29.0-4-gdea44cf6ec (webtiles) character file.

Game seed: 10864073185638002480

7074 qw the Cleaver (level 11, -3/63 HPs)
             Began as a Tengu Warper on Aug 28, 2022.
             Was an Elder of Okawaru.
             Slain by a death yak (18 damage)
             ... on level 1 of the Lair of Beasts.
             The game lasted 00:00:58 (9620 turns).

qw the Cleaver (Tengu Warper)                       Turns: 9620, Time: 00:00:58

Health: -3/63      AC: 20    Str: 22    XL:     11   Next: 9%
Magic:  14/16      EV: 14    Int: 15    God:    Okawaru [****..]
Gold:   650        SH: 14    Dex: 23    Spells: 14/14 levels left

rFire   . . .      SeeInvis .   Y - +7 war axe
rCold   x . .      Faith    .   s - +0 kite shield
rNeg    . . .      Spirit   .   c - +0 plate armour
rPois   +          Reflect  .   g - +2 hat
rElec   .          Harm     .   l - +2 cloak
rCorr   .          Rampage  .   (no gloves)
Will    +....                   (boots unavailable)
Stlth   ..........              (no amulet)
HPRegen 0.20/turn               k - ring of Soti {rC- Will+ Str+6 Int+3 Dex+6}
MPRegen 0.15/turn               m - ring of poison resistance

@: about to teleport, heroic, flying quickly and evasively, quick
A: beak, talons 3, nimble flight, agile 1
a: Renounce Religion, Heroism, Finesse


You were on level 1 of the Lair of Beasts.
You worshipped Okawaru.
Okawaru was greatly pleased with you.
You visited 3 branches of the dungeon, and saw 11 of its levels.
You also visited: Sewer.

You collected 650 gold pieces.


Innate Abilities, Weirdness & Mutations

You have a beak for a mouth.
You have claws for feet.
Your magical nature lets you fly swiftly and evasively.
You are agile. (Dex +4, Str/Int -1)


   Skills:
 + Level 5.0(10.0) Fighting
 - Level 12.1(17.1) Axes
 - Level 1.0(6.0) Throwing
 - Level 5.1(10.1) Armour
 - Level 5.5(10.5) Dodging
 - Level 7.2(12.2) Shields
 - Level 2.0 Spellcasting
 - Level 2.4 Translocations
 + Level 5.8 Invocations


You had 14 spell levels left.
You didn't know any spells.
Your spell library contained the following spells:

 Spells                   Type           Power      Damage    Failure   Level
 Blink                    Tloc           16%        N/A       98%         2
 Gell's Gravitas          Tloc           8%         N/A       100%        3
 Lesser Beckoning         Tloc           8%         N/A       100%        3
 Teleport Other           Tloc           8%         N/A       100%        3
 Manifold Assault         Tloc           8%         N/A       100%        5

Inventory:

Hand Weapons
 b - a +0 morningstar
 Y - a +7 war axe (weapon)
Missiles
 a - 10 boomerangs (quivered)
Armour
 c - a +0 plate armour (worn)
 g - a +2 hat (worn)
 l - a +2 cloak (worn)
 s - a +0 kite shield (worn)
Jewellery
 f - a +4 ring of slaying {mikee}
 j - a +6 ring of strength
 k - the ring of Soti (left hand) {rC- Will+ Str+6 Int+3 Dex+6}
   (You acquired it on level 4 of the Dungeon)

   [ring of dexterity]

   Str:       It affects your strength (+6).
   Int:       It affects your intelligence (+3).
   Dex:       It affects your dexterity (+6).
   rC:        It makes you vulnerable to cold.
   Will:      It increases your willpower.
 m - a ring of poison resistance (right hand)
Scrolls
 h - 2 scrolls of teleportation
 q - 5 scrolls of identify
 r - a scroll of brand weapon {unknown}
Potions
 d - 2 potions of heal wounds
 e - 3 potions of haste
 i - 6 potions of curing
 n - a potion of resistance
 o - a potion of cancellation
 p - a potion of magic

Dungeon Overview and Level Annotations

Branches:
Dungeon (9/15)             Temple (1/1) D:4            Lair (1/5) D:9
  Sewer (visited)
    Orc: D:9-12

Altars:
Ashenzari
Cheibriados
Dithmenos
Elyvilon
Fedhas
Gozag
Hepliaklqana
Kikubaaqudgha
Makhleb
Nemelex Xobeh
Okawaru
Qazlal
Ru
Sif Muna
Trog
Uskayaw
Vehumet
Wu Jian
Xom
Yredelemnul
Zin
The Shining One

Shops:
D:8 (


Message History

9612 ||| INVOKING Heroism.
You gain the combat prowess of a mighty hero.
The death yak gores you! You block the death yak's attack.
You slash the death yak!
The death yak is lightly wounded.
You hit the death yak. The death yak gores you!
The death yak barely misses you.
You slash the death yak!
The death yak is moderately wounded.
You hit the death yak but do no damage.
You hear a bellow!
You block the death yak's attack. The death yak closely misses you.
You hit the death yak but do no damage.
The death yak is moderately wounded.
You slash the death yak! You slash the death yak! You claw the death yak.
The death yak is heavily wounded.
You barely miss the death yak. You block the death yak's attack. x2
You slash the death yak!
The death yak is heavily wounded.
You hit the death yak. The death yak barely misses you.
The death yak gores you but does no damage.
You hit the death yak.
The death yak is severely wounded.
You slash the death yak!
You hear a bellow!
You block the death yak's attack. x2
You hear a bellow! x3
You hit the death yak.
You claw the death yak, but do no damage.
The death yak is severely wounded.
You hit the death yak but do no damage. The death yak gores you.
The death yak gores you!
9620 ||| READING 3 scrolls of teleportation.
As you read the scroll of teleportation, it crumbles to dust.
You feel strangely unstable. The death yak gores you!!
You die...

#.YF #..... Y... ..#
#..### #.. #.# #..# # #..
#.# ##..# #.# #.###...#
#Y# #.......# #.#
#.......#
#.########.......#
###.##.Y@.............###
........Y.................
#########.#########.#####%
### ### ##


You could see 2 death yaks.

Vanquished Creatures
  2 death yaks (Lair:1)
  2 cane toads (Lair:1)
  Maggie (D:6)
  A rime drake (Lair:1)
  A komodo dragon (Lair:1)
  Sigmund (D:5)
  Eustachio (D:6)
  A wyvern (D:9)
  4 yaks (Lair:1)
  A water moccasin (D:7)
  Duvessa (D:5)
  Pargi (Sewer)
  An ice beast (D:5)
  3 orc warriors
  3 centaurs
  5 wolves (Lair:1)
  5 bullfrogs
  A gnoll sergeant (D:7)
  Blork the orc (D:5)
  3 necrophages
  A scorpion (D:6)
  3 wights (D:6)
  Dowan (D:5)
  11 killer bees (D:9)
  2 howler monkeys
  A crimson imp (D:5)
  3 hounds
  2 jellies
  2 orc priests
  4 iguanas
  Natasha (thrice) (D:3)
  4 orc wizards
  6 gnolls
  9 adders
  A white imp (D:6)
  2 worms
  3 dart slugs
  30 orcs
  A bat zombie (D:6)
  7 endoplasms
  6 giant cockroaches
  7 goblins
  6 hobgoblins
  9 jackals (D:2)
  13 kobolds
  3 quokkas
  12 ball pythons
  7 bats
  6 frilled lizards
  3 rats
207 creatures vanquished.

Vanquished Creatures (others)
  4 fungi (Lair:1)
4 creatures vanquished.

Grand Total: 211 creatures vanquished

Notes
Turn   | Place    | Note
-------+----------+-------------------------------------------
     0 | D:1      | qw the Tengu Warper began the quest for the Orb.
     0 | D:1      | Reached XP level 1. HP: 12/12 MP: 4/4
     0 | D:1      | 0 ||| qw: Version: 0.1-a-89-g26bdef1
     0 | D:1      | 0 ||| qw: Game counter: 586
     0 | D:1      | 0 ||| qw: Always use a shield: true
     0 | D:1      | 0 ||| qw: God list: Okawaru
     0 | D:1      | 0 ||| qw: Allow faded altars: false
     0 | D:1      | 0 ||| qw: Do Orc after D:15 true
     0 | D:1      | 0 ||| qw: Do second Lair branch before Depths: true
     0 | D:1      | 0 ||| qw: Lair rune preference: random
     0 | D:1      | 0 ||| qw: Plans: Normal
     0 | D:1      | 0 ||| PLANNING D:1-11
   110 | D:1      | Found a faded altar of an unknown god.
   214 | D:1      | Reached XP level 2. HP: 17/17 MP: 6/6
   229 | D:1      | Reached skill level 3 in Axes
   258 | D:1      | 258 ||| Stepping ~*~*~tactically~*~*~ (stealth).
   260 | D:1      | 260 ||| Stepping ~*~*~tactically~*~*~ (stealth).
   264 | D:1      | 264 ||| Stepping ~*~*~tactically~*~*~ (stealth).
   279 | D:1      | 279 ||| Stepping ~*~*~tactically~*~*~ (stealth).
   290 | D:1      | 290 ||| Stepping ~*~*~tactically~*~*~ (stealth).
   291 | D:1      | 291 ||| Stepping ~*~*~tactically~*~*~ (stealth).
   292 | D:1      | 292 ||| Stepping ~*~*~tactically~*~*~ (stealth).
   301 | D:1      | 301 ||| Stepping ~*~*~tactically~*~*~ (stealth).
   303 | D:1      | 303 ||| Stepping ~*~*~tactically~*~*~ (stealth).
   304 | D:1      | 304 ||| Stepping ~*~*~tactically~*~*~ (stealth).
   307 | D:1      | 307 ||| Stepping ~*~*~tactically~*~*~ (stealth).
   330 | D:1      | 330 ||| Stepping ~*~*~tactically~*~*~ (stealth).
   332 | D:1      | 332 ||| Stepping ~*~*~tactically~*~*~ (stealth).
   333 | D:1      | 333 ||| Stepping ~*~*~tactically~*~*~ (stealth).
   661 | D:1      | Reached XP level 3. HP: 21/21 MP: 7/7
   810 | D:1      | 810 ||| Stepping ~*~*~tactically~*~*~ (stealth).
   815 | D:1      | 815 ||| Stepping ~*~*~tactically~*~*~ (stealth).
   876 | D:1      | Reached skill level 4 in Axes
  1139 | D:1      | 1139 ||| UPGRADING to +2 hat.
  1144 | D:1      | 1144 ||| UPGRADING to +0 ring mail.
  1154 | D:1      | 1154 ||| DROPPING +0 leather armour.
  1155 | D:1      | 1155 ||| UPGRADING to ring of poison resistance.
  1156 | D:1      | 1156 ||| READING scroll labelled AFYESKIHI.
  1157 | D:1      | 1157 ||| READING scroll labelled BUWNUU DEIN.
  1158 | D:1      | 1158 ||| DROPPING scroll of blinking.
  1181 | D:2      | 1181 ||| STAIRDANCE
  1298 | D:2      | 1298 ||| Stepping ~*~*~tactically~*~*~ (stealth).
  1301 | D:2      | 1301 ||| Stepping ~*~*~tactically~*~*~ (stealth).
  1321 | D:2      | 1321 ||| SWAPPING to +1 vampiric hand axe.
  1322 | D:2      | 1322 ||| DROPPING +0 hand axe.
  1527 | D:2      | 1527 ||| Stepping ~*~*~tactically~*~*~ (stealth).
  1528 | D:2      | 1528 ||| Stepping ~*~*~tactically~*~*~ (stealth).
  1615 | D:2      | 1615 ||| Stepping ~*~*~tactically~*~*~ (stealth).
  1621 | D:2      | 1621 ||| Stepping ~*~*~tactically~*~*~ (stealth).
  1627 | D:2      | Reached XP level 4. HP: 26/26 MP: 8/8
  1648 | D:2      | 1648 ||| Stepping ~*~*~tactically~*~*~ (stealth).
  1844 | D:2      | 1844 ||| Stepping ~*~*~tactically~*~*~ (stealth).
  1939 | D:2      | 1939 ||| UPGRADING to +0 plate armour.
  1949 | D:2      | 1949 ||| DROPPING +0 ring mail.
  1950 | D:2      | 1950 ||| UPGRADING to +0 cloak.
  1955 | D:2      | 1955 ||| UPGRADING to +4 ring of slaying {mikee}.
  1956 | D:2      | 1956 ||| READING 2 scrolls labelled DAUCID VOMUSMESK.
  1961 | D:2      | 1961 ||| READING scroll labelled KEOG WUCROYJI.
  1962 | D:2      | 1962 ||| READING 2 scrolls labelled KYNWET OLUA.
  2063 | D:2      | 2063 ||| DRINKING 4 fuming amethyst potions.
  2064 | D:2      | 2064 ||| DROPPING scroll of silence.
  2115 | D:3      | Found a broken altar of Ashenzari.
  2115 | D:3      | Found a shadowy altar of Dithmenos.
  2119 | D:3      | 2119 ||| STAIRDANCE
  2216 | D:3      | 2216 ||| DROPPING +0 mace.
  2219 | D:3      | 2219 ||| DROPPING +1 vorpal mace.
  2308 | D:3      | Gained mutation: Your magical nature lets you fly swiftly
                  | and evasively. [Tengu growth]
  2308 | D:3      | Reached XP level 5. HP: 30/30 MP: 9/9
  2308 | D:3      | 2308 ||| Stepping ~*~*~tactically~*~*~ (stealth).
  2309 | D:3      | 2309 ||| Stepping ~*~*~tactically~*~*~ (stealth).
  2315 | D:3      | Reached skill level 5 in Axes
  2325 | D:3      | 2325 ||| DROPPING +1 whip of draining.
  2366 | D:3      | Noticed Natasha
  2370 | D:3      | Killed Natasha
  2382 | D:3      | Noticed Natasha
  2383 | D:3      | 2383 ||| Stepping ~*~*~tactically~*~*~ (stealth).
  2394 | D:3      | Killed Natasha
  2458 | D:3      | 2458 ||| Stepping ~*~*~tactically~*~*~ (stealth).
  2459 | D:3      | 2459 ||| Stepping ~*~*~tactically~*~*~ (hiding).
  2485 | D:3      | Noticed Natasha
  2491 | D:3      | Killed Natasha
  2492 | D:3      | Reached skill level 6 in Axes
  2574 | D:3      | Found a basalt altar of Yredelemnul.
  2578 | D:3      | Found an ornate altar of the Wu Jian Council.
  2580 | D:3      | Found a snail-covered altar of Cheibriados.
  2583 | D:3      | Found a shimmering blue altar of Sif Muna.
  2588 | D:3      | Found an opulent altar of Gozag.
  2592 | D:3      | Reached skill level 3 in Armour
  2592 | D:3      | Reached XP level 6. HP: 35/35 MP: 10/10
  2597 | D:3      | Found a hazy altar of Hepliaklqana.
  2682 | D:3      | 2682 ||| Stepping ~*~*~tactically~*~*~ (stealth).
  2683 | D:3      | 2683 ||| Stepping ~*~*~tactically~*~*~ (stealth).
  2684 | D:3      | 2684 ||| Stepping ~*~*~tactically~*~*~ (stealth).
  2724 | D:3      | 2724 ||| UPGRADING to +2 cloak.
  2734 | D:3      | 2734 ||| DROPPING +0 cloak.
  2759 | D:4      | 2759 ||| PLANNING SEWER
  2761 | D:4      | 2761 ||| STAIRDANCE
  2814 | D:4      | Reached skill level 7 in Axes
  2918 | D:4      | 2918 ||| Stepping ~*~*~tactically~*~*~ (stealth).
  2920 | D:4      | 2920 ||| Stepping ~*~*~tactically~*~*~ (stealth).
  2922 | D:4      | 2922 ||| Stepping ~*~*~tactically~*~*~ (stealth).
  2954 | D:4      | Found a sacrificial altar of Ru.
  2958 | D:4      | Found a glowing drain.
  2960 | D:4      | 2960 ||| Stepping ~*~*~tactically~*~*~ (stealth).
  2967 | D:4      | Reached XP level 7. HP: 40/40 MP: 11/11
  2968 | D:4      | 2968 ||| DROPPING ring of wizardry.
  2969 | D:4      | 2969 ||| READING 3 scrolls labelled WIASKOG FILOTAO.
  2970 | D:4      | 2970 ||| READING scroll labelled YMIDEJYFES.
  2970 | D:4      | Identified a scroll of acquirement
  2970 | D:4      | 2970 ||| ACQUIRING ring of Soti {rC- Will+ Str+6 Int+3
                  | Dex+6}
  2970 | D:4      | Acquired the ring of Soti {rC- Will+ Str+6 Int+3 Dex+6}
  2972 | D:4      | 2972 ||| UPGRADING to ring of Soti {rC- Will+ Str+6 Int+3
                  | Dex+6}.
  2974 | D:4      | 2974 ||| UPGRADING to ring of poison resistance.
  2976 | D:4      | 2976 ||| DRINKING 2 glowing inky potions.
  2977 | D:4      | 2977 ||| DRINKING 2 grey potions.
  2986 | D:4      | Reached skill level 3 in Fighting
  3006 | D:4      | 3006 ||| READING 2 scrolls of identify.
  3006 | D:4      | 3006 ||| IDENTIFYING amethyst potion
  3007 | D:4      | 3007 ||| DROPPING potion of brilliance.
  3008 | D:4      | 3008 ||| DROPPING potion of lignification.
  3018 | Sewer    | Entered a sewer
  3021 | Sewer    | Noticed Pargi
  3024 | Sewer    | Killed Pargi
  3146 | D:4      | 3146 ||| PLANNING D:1-11
  3196 | D:4      | Found a staircase to the Ecumenical Temple.
  3197 | D:4      | 3197 ||| PLANNING TEMPLE
  3202 | Temple   | Entered the Ecumenical Temple
  3211 | Temple   | Became a worshipper of Warmaster Okawaru
  3235 | Temple   | 3235 ||| PLANNING D:1-11
  3358 | D:4      | 3358 ||| READING scroll labelled YJUNAE XUCIRADGH.
  3375 | D:5      | Entered Level 5 of the Dungeon
  3409 | D:5      | Noticed Blork the orc
  3415 | D:5      | Killed Blork the orc
  3525 | D:5      | Noticed Duvessa
  3525 | D:5      | Noticed Dowan
  3539 | D:5      | Killed Duvessa
  3540 | D:5      | Reached skill level 8 in Axes
  3543 | D:5      | Killed Dowan
  3741 | D:5      | You are sucked into a shaft and drop 1 floor!
  3753 | D:6      | Reached XP level 8. HP: 47/47 MP: 12/12
  3792 | D:6      | Noticed Eustachio
  3794 | D:6      | 3794 ||| Stepping ~*~*~tactically~*~*~ (hiding).
  3819 | D:6      | Killed Eustachio
  3820 | D:6      | Reached skill level 9 in Axes
  3879 | D:6      | Found a glowing golden altar of the Shining One.
  3879 | D:6      | Found a glowing silver altar of Zin.
  3879 | D:6      | Found a white marble altar of Elyvilon.
  3947 | D:6      | 3947 ||| READING 3 scrolls labelled OSUISOC TAIFO.
  3948 | D:6      | 3948 ||| DRINKING 2 bubbling purple potions.
  3949 | D:6      | 3949 ||| READING 2 scrolls of identify.
  3949 | D:6      | 3949 ||| IDENTIFYING green potion
  3950 | D:6      | 3950 ||| DROPPING potion of flight.
  3951 | D:6      | 3951 ||| DROPPING 2 scrolls of magic mapping.
  4257 | D:5      | Reached * piety under Okawaru
  4258 | D:5      | Reached skill level 3 in Dodging
  4260 | D:5      | 4260 ||| INVOKING Heroism.
  4306 | D:5      | 4306 ||| INVOKING Heroism.
  4318 | D:5      | Reached skill level 1 in Invocations
  4373 | D:5      | Found a shimmering altar of Xom.
  4374 | D:5      | Found a burning altar of Makhleb.
  4375 | D:5      | 4375 ||| Stepping ~*~*~tactically~*~*~ (hiding).
  4388 | D:5      | 4388 ||| INVOKING Heroism.
  4722 | D:5      | Noticed Sigmund
  4723 | D:5      | 4723 ||| Stepping ~*~*~tactically~*~*~ (hiding).
  4724 | D:5      | 4724 ||| Stepping ~*~*~tactically~*~*~ (hiding).
  4725 | D:5      | 4725 ||| INVOKING Heroism.
  4733 | D:5      | Killed Sigmund
  5006 | D:5      | 5006 ||| READING scroll labelled RIDOTZ JUSHRIU.
  5007 | D:5      | 5007 ||| DRINKING 2 fuming puce potions.
  5007 | D:5      | Gained mutation: Your movements are slightly less
                  | encumbered by armour. (ER -2) [potion of mutation]
  5007 | D:5      | Gained mutation: You do not regenerate when monsters are
                  | visible. [potion of mutation]
  5007 | D:5      | Gained mutation: You have a pair of small horns on your
                  | head. [potion of mutation]
  5008 | D:5      | 5008 ||| DRINKING potion of mutation.
  5008 | D:5      | Lost mutation: You do not regenerate when monsters are
                  | visible. [potion of mutation]
  5008 | D:5      | Lost mutation: You have a pair of small horns on your head.
                  | [potion of mutation]
  5008 | D:5      | Lost mutation: Your movements are slightly less encumbered
                  | by armour. (ER -2) [potion of mutation]
  5008 | D:5      | Gained mutation: You are agile. (Dex +4, Str/Int -1)
                  | [potion of mutation]
  5215 | D:6      | 5215 ||| INVOKING Heroism.
  5291 | D:6      | 5291 ||| Stepping ~*~*~tactically~*~*~ (stealth).
  5297 | D:6      | Reached skill level 3 in Invocations
  5300 | D:6      | 5300 ||| INVOKING Heroism.
  5305 | D:6      | Reached XP level 9. HP: 22/52 MP: 10/13
  5305 | D:6      | HP: 12/50 [wight/+7 war axe (3)]
  5306 | D:6      | 5306 ||| READING 4 scrolls of teleportation.
  5307 | D:6      | 5307 ||| DRINKING 2 potions of heal wounds.
  5526 | D:6      | 5526 ||| SWAPPING to +7 war axe.
  5527 | D:6      | 5527 ||| DROPPING +1 vampiric hand axe.
  5585 | D:6      | Found an ancient bone altar of Kikubaaqudgha.
  5722 | D:6      | Noticed Maggie
  5723 | D:6      | 5723 ||| Stepping ~*~*~tactically~*~*~ (stealth).
  5726 | D:6      | 5726 ||| Stepping ~*~*~tactically~*~*~ (hiding).
  5737 | D:6      | 5737 ||| INVOKING Heroism.
  5741 | D:6      | Killed Maggie
  5741 | D:6      | Reached ** piety under Okawaru
  5742 | D:6      | Reached skill level 10 in Axes
  6037 | D:6      | 6037 ||| INVOKING Heroism.
  6060 | D:6      | 6060 ||| DROPPING +0 flail.
  6121 | D:6      | 6121 ||| READING 4 scrolls of identify.
  6121 | D:6      | 6121 ||| IDENTIFYING orange potion
  6122 | D:6      | 6122 ||| READING 3 scrolls of identify.
  6122 | D:6      | 6122 ||| IDENTIFYING sapphire potion
  6194 | D:7      | 6194 ||| Stepping ~*~*~tactically~*~*~ (stealth).
  6196 | D:7      | 6196 ||| Stepping ~*~*~tactically~*~*~ (hiding).
  6197 | D:7      | 6197 ||| Stepping ~*~*~tactically~*~*~ (hiding).
  6381 | D:7      | 6381 ||| Stepping ~*~*~tactically~*~*~ (stealth).
  6693 | D:7      | Found a flagged portal.
  6695 | D:7      | 6695 ||| INVOKING Heroism.
  6825 | D:7      | 6825 ||| INVOKING Heroism.
  7045 | D:7      | 7045 ||| UPGRADING to +0 kite shield.
  7050 | D:7      | 7050 ||| READING scroll labelled QIUMI VONTUDI.
  7067 | D:8      | Found Tasu's Weapon Boutique.
  7072 | D:8      | Reached skill level 1 in Shields
  7130 | D:8      | 7130 ||| INVOKING Heroism.
  7276 | D:8      | Found a sparkling altar of Nemelex Xobeh.
  7546 | D:8      | 7546 ||| INVOKING Heroism.
  7700 | D:8      | 7700 ||| Stepping ~*~*~tactically~*~*~ (stealth).
  7708 | D:8      | Reached skill level 3 in Shields
  8081 | D:9      | 8081 ||| INVOKING Heroism.
  8173 | D:9      | 8173 ||| INVOKING Heroism.
  8184 | D:9      | Reached XP level 10. HP: 43/59 MP: 12/14
  8532 | D:9      | Found a staircase to the Lair.
  8543 | D:9      | 8543 ||| Stepping ~*~*~tactically~*~*~ (stealth).
  8545 | D:9      | 8545 ||| INVOKING Heroism.
  8548 | D:9      | Reached skill level 6 in Shields
  8563 | D:9      | Reached skill level 11 in Axes
  9011 | D:9      | 9011 ||| PLANNING LAIR
  9011 | D:9      | 9011 ||| READING 6 scrolls of identify.
  9011 | D:9      | 9011 ||| IDENTIFYING inky potion
  9012 | D:9      | 9012 ||| DROPPING potion of ambrosia.
  9062 | Lair:1   | Entered Level 1 of the Lair of Beasts
  9062 | Lair:1   | Noticed a cane toad
  9063 | Lair:1   | 9063 ||| INVOKING Heroism.
  9069 | Lair:1   | Killed a cane toad
  9069 | Lair:1   | Reached *** piety under Okawaru
  9154 | Lair:1   | 9154 ||| Stepping ~*~*~tactically~*~*~ (stealth).
  9156 | Lair:1   | 9156 ||| INVOKING Heroism.
  9156 | Lair:1   | Noticed a cane toad
  9172 | Lair:1   | Killed a cane toad
  9322 | Lair:1   | 9322 ||| INVOKING Heroism.
  9333 | Lair:1   | Reached **** piety under Okawaru
  9544 | Lair:1   | 9544 ||| INVOKING Heroism.
  9584 | Lair:1   | Noticed a death yak
  9584 | Lair:1   | Noticed a death yak
  9585 | Lair:1   | 9585 ||| INVOKING Heroism.
  9585 | Lair:1   | Noticed a death yak
  9586 | Lair:1   | Noticed a death yak
  9592 | Lair:1   | 9592 ||| Stepping ~*~*~tactically~*~*~ (stealth).
  9600 | Lair:1   | 9600 ||| Stepping ~*~*~tactically~*~*~ (stealth).
  9601 | Lair:1   | Killed a death yak
  9602 | Lair:1   | Reached XP level 11. HP: 63/63 MP: 15/15
  9606 | Lair:1   | 9606 ||| Stepping ~*~*~tactically~*~*~ (stealth).
  9611 | Lair:1   | Killed a death yak
  9612 | Lair:1   | Reached skill level 12 in Axes
  9612 | Lair:1   | 9612 ||| INVOKING Heroism.
  9619 | Lair:1   | HP: 15/63 [death yak (7)]
  9620 | Lair:1   | 9620 ||| READING 3 scrolls of teleportation.
  9620 | Lair:1   | Slain by a death yak

Levels and vault maps discovered:
D:1:      minmay_arrival_solitary_statue, layout_loops_ring,
          shapermc_ecumenical_altar_starsandcircs, minmay_pentomino_s4
D:2:      layout_loops_cross
D:3:      layout_rooms, nicolae_overflow_hallway_of_the_gods, uniq_natasha
D:4:      layout_rooms, kennysheep_mini, minmay_temple_entry_statues_pillars,
          portal_sewer_entry_a, minmay_box_of_dots
D:5:      layout_loops_corners, grunt_temple_overflow_champion_of_chaos,
          serial_rivers, chequers_serial_rivers_room_b,
          chequers_serial_rivers_micro_d, chequers_serial_rivers_large_a,
          chequers_serial_rivers_micro_e, uniq_sigmund, uniq_blork_the_orc,
          uniq_duvessa
D:6:      layout_gridville, dreamdust_divine_triumvirate,
          lemuel_zombie_altar_kikubaaqudgha, uniq_eustachio, uniq_maggie
D:7:      layout_loops_corners, enter_bailey_3
D:8:      layout_loops_corners, nemelex_spade_bored_becter, serial_shops, shop
D:9:      layout_small_grid, lair_entry_dummy
Temple:   nicolae_temple_ecumenical_triangle
Lair:1:   layout_chaotic_city

Skill      XL: |  1  2  3  4  5  6  7  8  9 10 11 |
---------------+----------------------------------+-----
Axes           | 3 4 6 7 8 9 10 11 12 | 12.1
Armour         | 2 3 4 5 |  5.1
Fighting       | 3 4 5 |  5.0
Dodging        | 3 4 5 |  5.5
Invocations    | 3 4 5 |  5.8
Shields        | 5 7 |  7.2
Throwing       | |  1.0
Spellcasting   | |  2.0
Translocations | |  2.4

Action                   |  1- 3 |  4- 6 |  7- 9 | 10-12 || total
-------------------------+-------+-------+-------+-------++-------
Melee: Hand axe          |    83 |    84 |   162 |       ||   329
       Kick              |    23 |    22 |    74 |    36 ||   155
       Peck              |    12 |    10 |    51 |    21 ||    94
       Punch             |     1 |     1 |     5 |       ||     7
       War axe           |       |       |    89 |    93 ||   182
Throw: Boomerang         |     7 |    45 |    56 |    15 ||   123
Invok: Heroism           |       |       |    14 |     7 ||    21
  Use: Scroll            |     2 |     3 |    11 |     2 ||    18
       Potion            |       |     1 |     6 |       ||     7
Armor: Leather armour    |    26 |       |       |       ||    26
       Ring mail         |     9 |    11 |       |       ||    20
       Plate armour      |       |    41 |   103 |    22 ||   166
       Skin              |       |       |     1 |       ||     1
Dodge: Dodged            |    40 |    21 |    98 |    34 ||   193
Block: Kite shield       |       |       |    20 |    48 ||    68

Table legend:
 A = Non-vault XP
 B = Vault XP
 C = Vault XP percentage of total XP
 D = Non-vault monster count
 E = Vault monster count
 F = Vault count percentage of total count
                 A         B        C        D         E       F
            +---------+---------+-------+---------+---------+-------
      Total |    8723 |    1384 |  13.7 |     180 |      27 |  13.0
            +---------+---------+-------+---------+---------+-------
        D:1 |      40 |       5 |  11.1 |      22 |       3 |  12.0
        D:2 |      62 |       0 |   0.0 |      22 |       0 |   0.0
        D:3 |     206 |      35 |  14.5 |      32 |       1 |   3.0
        D:4 |     371 |       4 |   1.1 |      18 |       3 |  14.3
        D:5 |     381 |     575 |  60.1 |      12 |       5 |  29.4
        D:6 |     544 |     600 |  52.4 |      17 |       3 |  15.0
        D:7 |     655 |       7 |   1.1 |      12 |       4 |  25.0
        D:8 |     433 |       0 |   0.0 |      10 |       0 |   0.0
        D:9 |    1286 |       0 |   0.0 |      18 |       0 |   0.0
     Lair:1 |    4745 |       0 |   0.0 |      17 |       0 |   0.0
      Sewer |       0 |     158 | 100.0 |       0 |       8 | 100.0
            +---------+---------+-------+---------+---------+-------
